 Dungeon Crawl Stone Soup version 0.25-a0-435-g4b9beb1024 (webtiles) character file.

Game seed: 7917470798118316469, levelgen mode: deterministic

3306 Elellon the Thaumaturge (level 9, -4/45 HPs)
             Began as a Deep Elf Conjurer on Jan 28, 2020.
             Was a Follower of Vehumet.
             Slain by an orc warrior
             ... wielding a +0 great mace
              (31 damage)
             ... on level 9 of the Dungeon.
             The game lasted 00:16:34 (9535 turns).

Elellon the Thaumaturge (Deep Elf Conjurer)         Turns: 9535, Time: 00:16:35

Health: -4/45      AC:  7    Str:  7    XL:     9   Next: 70%
Magic:  10/27      EV: 13    Int: 22    God:    Vehumet [*.....]
Gold:   452        SH:  0    Dex: 15    Spells: 26/33 levels left

rFire    . . .     SeeInvis .   w - staff of conjuration
rCold    . . .     Gourm    .   (no shield)
rNeg     . . .     Faith    .   a - +0 robe
rPois    .         Spirit   .   r - +0 helmet
rElec    .         Reflect  .   y - +1 cloak
rCorr    .         Harm     .   o - +0 pair of gloves
MR       .....                  q - +0 pair of boots
Stlth    ++........             (no amulet)
HPRegen  0.15/turn              i - ring of wizardry
MPRegen  0.20/turn              (no ring)

@: no status effects
A: no striking features
a: Renounce Religion


You were on level 9 of the Dungeon.
You worshipped Vehumet.
Vehumet was aware of your devotion.
You were not hungry.

You visited 2 branches of the dungeon, and saw 10 of its levels.

You collected 452 gold pieces.

Inventory:

Hand Weapons
 l - a +5 short sword
Armour
 a - a +0 robe (worn)
 o - a +0 pair of gloves (worn)
 q - a +0 pair of boots (worn)
 r - a +0 helmet (worn)
 y - a +1 cloak (worn)
Magical Staves
 w - an uncursed staff of conjuration (weapon)
Jewellery
 i - a ring of wizardry (left hand)
Wands
 f - a wand of digging (6)
Scrolls
 d - a scroll of teleportation
 e - 11 scrolls of identify
 g - a scroll of fear
 h - 2 scrolls of enchant armour
 j - a scroll of noise {unknown}
 m - a scroll of enchant weapon
 p - a scroll of magic mapping {unknown}
 s - 2 scrolls of fog {unknown}
 t - 2 scrolls of remove curse
Potions
 b - 3 potions of haste {unknown}
 k - 3 potions of magic {unknown}
 n - 5 potions of heal wounds {unknown}
 u - a potion of resistance {unknown}
 v - 7 potions of curing {unknown}
 x - a potion of experience {unknown}
 z - 5 potions of might {unknown}
 A - a potion of brilliance {unknown}
 B - a potion of mutation {unknown}
 C - a potion of agility {unknown}
 D - a potion of cancellation {unknown}
 E - 2 potions of degeneration {unknown}
Comestibles
 c - 11 rations


   Skills:
 - Level 2.4 Dodging
 - Level 2.4 Stealth
 + Level 12.6 Spellcasting
 + Level 11.4 Conjurations


You had 26 spell levels left.
You knew the following spells:

 Your Spells              Type           Power        Failure   Level  Hunger
a - Magic Dart            Conj           ####         1%          1    None
b - Searing Ray           Conj           ######       1%          2    None
c - Iskenderun's Mystic   Conj/Tloc      ######..     1%          4    None

Your spell library contained the following spells:

 Spells                   Type           Power        Failure   Level  Hunger
 Freeze                   Ice            ##..         1%          1    None
 Beastly Appendage        Tmut           ##....       1%          1    None
 Dazzling Flash           Conj/Hex       ######       1%          3    None
 Fulminant Prism          Conj/Hex       ######....   1%          4    None
 Sticks to Snakes         Tmut           ##......     2%          2    None
 Spider Form              Tmut/Pois      ##........   6%          3    None
 Ice Form                 Ice/Tmut       ##......     19%         4    None
 Blade Hands              Tmut           ##........   45%         5    ####...


Dungeon Overview and Level Annotations

Branches:
Dungeon (9/15)             Temple (1/1) D:7            Lair (0/6) D:8
    Orc: D:9-12

Altars:
Ashenzari
Cheibriados
Dithmenos
Elyvilon
Fedhas
Gozag
Hepliaklqana
Kikubaaqudgha
Makhleb
Nemelex Xobeh
Okawaru
Qazlal
Ru
Sif Muna
Trog
Vehumet
Wu Jian
Xom
Yredelemnul
Zin
The Shining One

Shops:
D:4 :   D:7 :


Message History

The searing ray misses the orc warrior.
The searing ray misses the orc warrior.
The orc shouts!
The searing ray hits the orc warrior but does no damage.
The orc warrior is lightly wounded.
You finish channeling your searing ray.
The orc warrior hits you with a +0 great mace!
Casting: Searing Ray (safe; 1% risk of failure)
Confirm with . or Enter, or press ? or * to list all spells.
Aiming: Searing Ray (safe; 1% risk of failure)
Press: ? - help, Shift-Dir - straight line, f/p - orc warrior
Aim: an orc warrior, wielding a +0 great mace and wearing a +0 chain mail (lightly wounded)
You feel a surge of power!
The searing ray hits the orc warrior.
The orc warrior is moderately wounded. (Press . to maintain the ray.)
The searing ray hits the orc warrior!
The orc warrior is almost dead.
The orc warrior hits you with a +0 great mace!!
Ouch! That really hurt!
You die...

......#....###...
......##....#...........
........................
.......)................
............)...........
..<[.....<..............
.(....Z....#.o..........
....#######............#
...## ####.)..o@......#
...# #.♣.♣.♣.♣.♣.♣..##
..## .♣...♣...♣...♣.# .#
#♣.♣.♣.♣.♣.♣.♣.♣ #
#...♣...♣...♣....
#♣.♣.♣.♣.♣.♣.♣.♣.##
#.♣...♣...♣...♣...#
#♣.♣.♣.♣.♣.♣.♣.♣..#
#...♣...♣...♣.. #.##


You could see an orc warrior and an orc.

Vanquished Creatures
  Maggie (D:9)
  A hippogriff (D:8)
  A wraith (D:7)
  A water moccasin (D:7)
  2 orc warriors
  A black bear (D:9)
  2 sky beasts (D:7)
  An ice beast (D:7)
  2 necrophages
  2 centaurs
  3 ogres
  3 big kobolds
  A bullfrog (D:8)
  A wyvern skeleton (D:9)
  2 scorpions
  A water moccasin skeleton (D:9)
  4 wights (D:2)
  A howler monkey (D:4)
  3 crimson imps
  A centaur zombie (D:4)
  A hound (D:8)
  A quasit (D:8)
  4 orc priests
  A bullfrog skeleton (D:9)
  6 orc wizards
  Ijyb (D:4)
  6 worker ants
  4 adders
  A shadow imp (D:9)
  5 dart slugs
  4 leopard geckos
  12 orcs
  4 bats
  6 giant cockroaches
  6 goblins
  5 hobgoblins
  2 jackals (D:1)
  15 kobolds
  2 quokkas
  A ball python (D:2)
  11 frilled lizards
  A jackal zombie (D:5)
  A quokka skeleton (D:8)
  3 rats
137 creatures vanquished.

Vanquished Creatures (others)
  A human (D:3)
  A worker ant (D:7)
2 creatures vanquished.

Grand Total: 139 creatures vanquished

Notes
Turn   | Place    | Note
-------+----------+-------------------------------------------
     0 | D:1      | Elellon the Deep Elf Conjurer began the quest for the Orb.
     0 | D:1      | Reached XP level 1. HP: 10/10 MP: 6/6
   180 | D:1      | Reached XP level 2. HP: 15/15 MP: 1/8
   519 | D:1      | Learned a level 2 spell: Searing Ray
   674 | D:1      | Reached skill level 4 in Spellcasting
   759 | D:1      | Reached skill level 5 in Conjurations
   845 | D:1      | Reached XP level 3. HP: 19/19 MP: 8/10
  1028 | D:2      | Reached XP level 4. HP: 24/24 MP: 5/12
  1243 | D:2      | Found a faded altar of an unknown god.
  1322 | D:2      | Reached skill level 5 in Spellcasting
  1545 | D:2      | Found a glowing silver altar of Zin.
  1767 | D:2      | Reached XP level 5. HP: 28/28 MP: 7/14
  1844 | D:2      | Reached skill level 6 in Spellcasting
  2443 | D:3      | Found an ancient bone altar of Kikubaaqudgha.
  2457 | D:3      | Noticed a human
  2458 | D:3      | Killed a human
  2533 | D:3      | Found a white marble altar of Elyvilon.
  2535 | D:3      | Found a hazy altar of Hepliaklqana.
  2535 | D:3      | Found a shimmering blue altar of Sif Muna.
  2892 | D:4      | Found an opulent altar of Gozag.
  3033 | D:4      | Noticed Ijyb
  3039 | D:4      | Killed Ijyb
  3039 | D:4      | Reached XP level 6. HP: 32/32 MP: 10/17
  3216 | D:4      | Found a radiant altar of Vehumet.
  3310 | D:4      | Found Qixad's Book Boutique.
  3561 | D:4      | Found a blossoming altar of Fedhas.
  3674 | D:5      | Entered Level 5 of the Dungeon
  3808 | D:5      | Found a bloodstained altar of Trog.
  3849 | D:5      | Reached skill level 7 in Spellcasting
  3987 | D:5      | Reached XP level 7. HP: 36/36 MP: 9/19
  4175 | D:5      | Found an iron altar of Okawaru.
  4253 | D:5      | Found a shimmering altar of Xom.
  5080 | D:7      | Reached skill level 8 in Spellcasting
  5406 | D:7      | Noticed a wraith
  5415 | D:7      | Killed a wraith
  5415 | D:7      | Reached skill level 9 in Spellcasting
  5415 | D:7      | Reached XP level 8. HP: 41/41 MP: 8/23
  5950 | D:7      | Found a staircase to the Ecumenical Temple.
  5959 | Temple   | Entered the Ecumenical Temple
  6373 | D:4      | Became a worshipper of Vehumet
  6606 | D:7      | Reached skill level 10 in Spellcasting
  6827 | D:7      | Found Ekaned's Book Emporium.
  7507 | D:8      | Found a staircase to the Lair.
  7655 | D:8      | Reached skill level 10 in Conjurations
  7683 | D:8      | Reached skill level 11 in Spellcasting
  7685 | D:8      | Reached XP level 9. HP: 31/45 MP: 13/26
  8250 | D:8      | Learned a level 4 spell: Iskenderun's Mystic Blast
  8866 | D:9      | Noticed Maggie
  8877 | D:9      | Killed Maggie
  8877 | D:9      | Reached skill level 12 in Spellcasting
  9187 | D:9      | Reached * piety under Vehumet
  9187 | D:9      | Offered knowledge of Freeze by Vehumet.
  9251 | D:9      | Found a shadowy altar of Dithmenos.
  9535 | D:9      | Slain by an orc warrior

Levels and vault maps discovered:
D:1:      enne_arrival_octagon_isle, layout_loops_ring
D:2:      layout_rooms, zin_statuary, serial_corexii_hall,
          corexii_hall_statues_x, chequers_hall_statues_y,
          corexii_hall_statues_t, chequers_ecumenical_altar_island,
          minmay_vboxes
D:3:      layout_rooms, chequers_temple_overflow_statue_of_worship,
          first_ration, kennysheep_minor_cross, tgw_kikubaaqudgha
D:4:      layout_basic, overflow_temple_1_default, grunt_gozag_statues,
          lemuel_coloured_pillars_altar, serial_shops, kennysheep_mini_moat,
          uniq_ijyb
D:5:      cheibrodos_quashed, layout_basic, okawaru_gym_becter,
          old_standard_altar, old_standard_altar
D:6:      layout_layer_cave
D:7:      layout_layer_cave, lemuel_temple_firewalk_b, serial_shops, shop,
          st_stairs_10
D:8:      layout_loops_ring, lair_entry_dummy, serial_co_window_serial,
          co_window_corner_a, co_window_paths_a, co_window_paths_a,
          co_window_paths_b, co_window_of_opportunity_a, co_window_paths_a,
          co_window_corner_a, co_window_paths_a, co_window_corner_a,
          co_window_corner_cb, co_window_corner_cb, co_window_2corner,
          co_window_of_opportunity_b, glass_columns_a, glass_columns_b,
          grunt_ogre_cave
D:9:      layout_cave_pods, nicolae_overflow_crystal_walls,
          eat_drink_and_be_merry_uskayaw, kennysheep_crisscross,
          uniq_prince_ribbit1, uniq_maggie
Temple:   compressed_dpeg_triangle_lava_temple

Skill      XL: |  1  2  3  4  5  6  7  8  9 |
---------------+----------------------------+-----
Spellcasting   | 4 5 6 7 9 11 12 | 12.6
Conjurations   | 5 6 7 8 10 11 | 11.4
Dodging        | |  2.4
Stealth        | |  2.4

Action                   |  1- 3 |  4- 6 |  7- 9 || total
-------------------------+-------+-------+-------++-------
Melee: Staff             |       |       |     1 ||     1
 Cast: Magic Dart        |    41 |    90 |   104 ||   235
       Searing Ray       |     1 |    12 |    56 ||    69
  Use: Scroll            |       |    10 |       ||    10
  Eat: Chunk             |       |     9 |    13 ||    22
       Ration            |       |       |     1 ||     1
Armor: Robe              |       |     3 |    10 ||    13
Dodge: Dodged            |    12 |     7 |    25 ||    44

Table legend:
 A = Non-vault XP
 B = Vault XP
 C = Vault XP percentage of total XP
 D = Non-vault monster count
 E = Vault monster count
 F = Vault count percentage of total count
                 A         B        C        D         E       F
            +---------+---------+-------+---------+---------+-------
      Total |    3892 |     831 |  17.6 |     126 |      11 |   8.0
            +---------+---------+-------+---------+---------+-------
        D:1 |      41 |       0 |   0.0 |      21 |       0 |   0.0
        D:2 |     268 |      20 |   6.9 |      17 |       6 |  26.1
        D:3 |      43 |       0 |   0.0 |      17 |       0 |   0.0
        D:4 |      98 |      36 |  26.9 |       2 |       1 |  33.3
        D:5 |     242 |       0 |   0.0 |      13 |       0 |   0.0
        D:6 |     135 |       0 |   0.0 |       5 |       0 |   0.0
        D:7 |    1350 |     245 |  15.4 |      23 |       2 |   8.0
        D:8 |    1062 |     121 |  10.2 |      14 |       1 |   6.7
        D:9 |     653 |     409 |  38.5 |      14 |       1 |   6.7
            +---------+---------+-------+---------+---------+-------
